 Dungeon Crawl Stone Soup version bcrawl-1.28.1b (webtiles) character file.

Game seed: 8507641816574600691

264771 JackS81 the Fighter (level 9, -13/84 HPs)
             Began as a Minotaur Archaeologist on July 11, 2020.
             Was an Initiate of Ru.
             Mangled by a crocodile (15 damage)
             ... on level 7 of the Dungeon on Dec 31, 2020.
             The game lasted 00:28:59 (6189 turns).

JackS81 the Fighter (Minotaur Archaeologist)        Turns: 6189, Time: 00:29:00

Health: -13/84     AC:  6    Str: 20    XL:     9   Next: 15%
Magic:  8/8        EV: 15    Int: 11    God:    Ru [......]
Gold:   305        SH:  0    Dex: 12    Spells: 8/8 levels left

rFire    . . .     SeeInvis .   a - +1 whip
rCold    . . .     Gourm    .   (no shield)
rNeg     + + +     Faith    .   b - +1 robe
rPois    .         Spirit   .   c - +1 hat
rElec    .         Reflect  .   (no cloak)
rCorr    .         Harm     .   (no gloves)
MR       +....                  d - +1 pair of boots
Stlth    ++........             f - amulet of Ezum {RegenMP Fragile rN+++ Str+4 Slay+2}
HPRegen  0.00/turn              k - ring of protection from magic
MPRegen  0.36/turn              (no ring)

@: about to teleport
A: retaliatory headbutt, horns 2, inhibited regeneration
a: Renounce Religion


You were on level 7 of the Dungeon.
You worshipped Ru.
Ru was noncommittal.
You were not hungry.

You visited 1 branch of the dungeon, and saw 7 of its levels.

You collected 305 gold pieces.

Inventory:

Hand Weapons
 a - a +1 whip (weapon)
 v - a +3 quarterstaff of chaos
 w - a +0 blowgun
 A - a +2 mace of protection
 B - a cursed -3 hunting sling
 C - a +0 morningstar
 G - a +1 dire flail of crushing
Missiles
 l - 849 stones (quivered)
 r - 324 bolts
 x - 109 poisoned needles
Armour
 b - a +1 robe (worn)
 c - a +1 hat (worn)
 d - a +1 pair of boots (worn)
 s - a +0 cloak
 y - a +3 leather armour
 E - a +0 cloak
 F - a +0 cloak
 J - the +1 leather armour "Gadain" {rElec Dex+3, unknown}
   (You found it on level 6 of the Dungeon)

   It affects your dexterity (+3).
   It insulates you from electricity.
Jewellery
 f - the amulet of Ezum (around neck) {RegenMP Fragile rN+++ Str+4 Slay+2}
   (You acquired it on level 3 of the Dungeon)

   [amulet of magic regeneration]

   It increases your magic regeneration.
   It affects your strength (+4).
   It affects your accuracy and damage with ranged weapons and melee attacks
   (+2).
   It renders you almost immune to negative energy.
   It will be destroyed if unequipped.
 i - an uncursed ring of poison resistance
 j - the ring "Vauhemyi" {Ice +Blink}
   (You found it on level 1 of the Dungeon)

   [ring of ice]

   It enhances your ice magic.
   It makes you vulnerable to fire.
   It protects you from cold.
   It lets you blink.
 k - a ring of protection from magic (left hand)
 o - an uncursed amulet of the gourmand
 t - an uncursed amulet of faith {unknown}
 u - an uncursed ring of wizardry {unknown}
 K - a cursed amulet of inaccuracy {unknown}
Wands
 H - a wand of digging (3)
Scrolls
 g - 2 scrolls of magic mapping
 h - 5 scrolls of remove curse
 m - 3 scrolls of teleportation
 n - 2 scrolls of noise
 p - 8 scrolls of identify
 z - 2 scrolls of amnesia
 D - a scroll of fear {unknown}
 I - a scroll of fog
Comestibles
 e - 12 rations {!d}


   Skills:
 * Level 9.4 Fighting
 + Level 8.2 Maces & Flails
 * Level 5.2 Armour
 + Level 5.8 Dodging
 - Level 2.6 Stealth


You had 8 spell levels left.
You didn't know any spells.
Your spell library contained the following spells:

 Spells                   Type           Power        Failure   Level  Hunger
 Magic Dart               Conj           #...         34%         1    None
 Blink                    Tloc           N/A          47%         2    ####...
 Call Imp                 Summ           #.....       47%         2    ####...
 Conjure Flame            Conj/Fire      #.......     71%         3    #####..
 Mephitic Cloud           Conj/Pois/Air  #.......     71%         3    #####..
 Spider Form              Tmut/Pois      #..          71%         3    #####..


Dungeon Overview and Level Annotations

Branches:
Dungeon (7/12)             Temple (0/1) D:7
   Lair: D:7-9

Altars:
Ashenzari
Cheibriados
Elyvilon
Makhleb
Okawaru
Ru
Xom
Yredelemnul
The Shining One

Annotations:
D:6 3 runed translucent doors, yrara's ghost, novice DsFi


Innate Abilities, Weirdness & Mutations

You reflexively headbutt those who attack you in melee.
You have a pair of horns on your head.
You do not regenerate when monsters are visible.


Message History

The centaur is severely wounded.
The centaur hits you!
You hit the centaur.
You headbutt the centaur, but do no damage.
The centaur is almost dead.
The crocodile bites you!!
* * * LOW HITPOINT WARNING * * *
The centaur hits you.
* * * LOW HITPOINT WARNING * * *
As you read the scroll of teleportation, it crumbles to dust.
You feel strangely unstable. The centaur barely misses you.
The crocodile bites you.
* * * LOW HITPOINT WARNING * * *
The centaur hits you.
* * * LOW HITPOINT WARNING * * *
The centaur wields a +0 shortbow.
The centaur shoots an arrow.
The arrow hits you!
* * * LOW HITPOINT WARNING * * *
The crocodile bites you!
You die...

...# .....##.####
...# #.....#....#
#####
###...<.......
....#
.............
###...
#........... ##
#........... .##
#.c...?.... ..#
##.t.##..>#
#.######## #@### #
.........#######.#
.................#
.........#########
##########


You could see a crocodile and a centaur.

Vanquished Creatures
  Prince Ribbit (D:5)
  A hippogriff (D:6)
  Edmund (D:4)
  2 ice beasts (D:5)
  2 sky beasts
  An ogre (D:6)
  A centaur (D:5)
  A bullfrog (D:6)
  A gnoll sergeant (D:6)
  A scorpion (D:6)
  4 wights (D:6)
  4 crimson imps
  A howler monkey (D:6)
  A quasit (D:6)
  4 orc priests (D:3)
  A bullfrog skeleton (D:5)
  2 hounds
  2 orc wizards (D:3)
  Crazy Yiuf (D:4)
  2 centaur skeletons
  2 iguanas
  3 worker ants
  8 gnolls
  4 adders
  An adder zombie (D:6)
  An adder skeleton (D:6)
  4 worms
  2 dart slugs (D:1)
  5 leopard geckos
  15 orcs
  2 giant cockroaches
  4 goblins
  9 hobgoblins
  8 jackals
  7 kobolds
  5 quokkas
  2 ball pythons (D:2)
  10 bats
  2 frilled lizards
  A quokka skeleton (D:3)
  13 rats
142 creatures vanquished.

Notes
Turn   | Place    | Note
-------+----------+-------------------------------------------
     0 | D:1      | JackS81 the Minotaur Archaeologist began the quest for the
                  | Orb.
     0 | D:1      | Reached XP level 1. HP: 16/16 MP: 0/0
    61 | D:1      | Reached skill level 2 in Fighting
    70 | D:1      | Reached XP level 2. HP: 14/25 MP: 1/1
   112 | D:1      | Reached skill level 3 in Fighting
   199 | D:1      | Got a flickering amber ring
   303 | D:1      | Reached XP level 3. HP: 31/33 MP: 2/2
   385 | D:1      | Identified the cursed ring "Vauhemyi" {Ice +Blink} (You
                  | found it on level 1 of the Dungeon)
   628 | D:2      | Reached skill level 4 in Fighting
   958 | D:2      | Reached XP level 4. HP: 28/41 MP: 3/3
  1286 | D:2      | Reached skill level 5 in Fighting
  1522 | D:3      | Reached XP level 5. HP: 45/50 MP: 4/4
  1522 | D:3      | Identified a scroll of acquirement
  1536 | D:3      | Identified the amulet of Ezum {RegenMP Fragile rN+++ Str+4
                  | Slay+2} (You acquired it on level 3 of the Dungeon)
  1890 | D:3      | Reached skill level 6 in Fighting
  1999 | D:3      | Found a white marble altar of Elyvilon.
  2026 | D:3      | Found a sacrificial altar of Ru.
  2026 | D:3      | Found a shattered altar of Ashenzari.
  2038 | D:3      | Became a worshipper of Ru the Awakened
  2068 | D:3      | Reached skill level 1 in Armour
  2068 | D:3      | Reached XP level 6. HP: 57/57 MP: 5/5
  2757 | D:4      | Found a snail-covered altar of Cheibriados.
  2781 | D:4      | Found a runed door.
  3056 | D:4      | Reached skill level 7 in Fighting
  3086 | D:4      | Noticed Edmund
  3328 | D:4      | Noticed Crazy Yiuf
  3333 | D:4      | Killed Crazy Yiuf
  3388 | D:5      | Entered Level 5 of the Dungeon
  3402 | D:5      | Reached XP level 7. HP: 66/66 MP: 6/6
  3419 | D:5      | Gained mutation: You do not regenerate when monsters are
                  | visible. [Ru sacrifice]
  3625 | D:5      | Noticed Prince Ribbit
  3660 | D:5      | Reached skill level 5 in Maces & Flails
  3866 | D:5      | Killed Prince Ribbit
  4066 | D:5      | Reached XP level 8. HP: 35/74 MP: 7/7
  4179 | D:5      | Reached skill level 8 in Fighting
  4443 | D:4      | Killed Edmund
  4587 | D:6      | Found a runed translucent gate.
  4588 | D:6      | Found a runed translucent gate.
  4589 | D:6      | Found a runed translucent gate.
  4590 | D:6      | Noticed a fire giant
  4590 | D:6      | Noticed yrara's ghost (novice DsFi)
  4668 | D:6      | Reached skill level 5 in Dodging
  4766 | D:6      | Got an ancient leather armour
  4809 | D:6      | Found an iron altar of Okawaru.
  4809 | D:6      | Found a basalt altar of Yredelemnul.
  4886 | D:6      | Found a burning altar of Makhleb.
  4888 | D:6      | Found a glowing golden altar of the Shining One.
  4890 | D:6      | Found a shimmering altar of Xom.
  5276 | D:6      | Reached skill level 9 in Fighting
  5368 | D:6      | Upgraded the game from bcrawl-1.26.1 to bcrawl-1.28.1b
  5659 | D:6      | Reached XP level 9. HP: 13/83 MP: 8/8
  5911 | D:6      | Reached skill level 5 in Armour
  6034 | D:7      | Found a staircase to the Ecumenical Temple.
  6189 | D:7      | HP: 2/84 [centaur/arrow (8)]
  6189 | D:7      | Mangled by a crocodile

Skill      XL: |  1  2  3  4  5  6  7  8  9 |
---------------+----------------------------+-----
Fighting       | 2 3 4 5 6 7 9 |  9.4
Maces & Flails | 2 4 5 7 8 |  8.2
Armour         | 1 2 3 4 5 |  5.2
Dodging        | 4 5 |  5.8
Stealth        | |  2.6

Action                   |  1- 3 |  4- 6 |  7- 9 || total
-------------------------+-------+-------+-------++-------
Melee: Whip              |   138 |   166 |   189 ||   493
       Headbutt          |    23 |    35 |    52 ||   110
Throw: Stone             |       |    22 |    60 ||    82
Invok: Sacrifice Purity  |       |       |     1 ||     1
  Use: Scroll            |     1 |     3 |     7 ||    11
       Potion            |       |     4 |     6 ||    10
 Stab: Sleeping          |     2 |     2 |     1 ||     5
  Eat: Chunk             |       |     7 |     5 ||    12
       Ration            |       |     1 |     1 ||     2
Armor: Robe              |    57 |    36 |    32 ||   125
       Skin              |       |       |    46 ||    46
Dodge: Dodged            |   101 |    82 |   101 ||   284
